 Dungeon Crawl Stone Soup version 0.17-a0-777-g32247ce (webtiles) character file.

327444 inmateoo the Lord of Darkness (level 21, -5/111 HPs)
             Began as a Vine Stalker Necromancer on Apr 24, 2015.
             Was the Champion of Kikubaaqudgha.
             Slain by a vampire knight
             ... wielding a +0 great mace
              (12 damage)
             ... on level 1 of the Crypt on Apr 25, 2015.
             The game lasted 02:15:29 (43236 turns).

inmateoo the Lord of Darkness (VSNe)               Turns: 43236, Time: 02:15:29

Health: -5/111     AC: 23    Str: 12      XL:     21   Next: 67%
Magic:  0/41       EV: 27    Int: 19 (22) God:    Kikubaaqudgha [******]
Gold:   5594       SH:  0    Dex: 27      Spells: 11 memorised, 4 levels left

rFire  + . .     SeeInvis .     r - +11 mace "Ruedack" {flame, rC- Str+4}
rCold  + + .     Clarity  .     R - +5 steam dragon armour
rNeg   + . .     SustAb   .     (no shield)
rPois  .         Gourm    .     D - +1 hat {MR+}
rElec  .         Spirit   +     h - +1 cloak {MR+}
rCorr  .         Warding  +     U - +1 pair of gloves
rMut   .         Stasis   .     C - +2 pair of boots {run}
MR     ++...                    K - amulet of Sywycid {Ward rC++ rN+ Str-4}
Stlth  ++++++....               l - +6 ring of evasion
                                N - ring of Birdsong {Dex+6 Stlth+}

@: vulnerable, repel missiles, invisible, quick, very resistant to hostile
enchantments, very stealthy
A: fangs 3, hooves 1, horns 1, yellow scales 1, agile 2, blurry vision 1, cold
resistance 1, fire resistance 1, sense surroundings 1, regeneration 3, shaggy
fur 1, magic shield, antimagic bite, no device heal 3, rot immunity
a: Receive Corpses, Torment, Renounce Religion
}: 2/15 runes: decaying, gossamer


You were on level 1 of the Crypt.
You worshipped Kikubaaqudgha.
Kikubaaqudgha was exalted by your worship.
You were not hungry.

You visited 8 branches of the dungeon, and saw 44 of its levels.
You also visited: Labyrinth, Ossuary and Ice Cave.

You collected 5936 gold pieces.
You spent 342 gold pieces at shops.

Inventory:

Hand weapons
 r - the +11 mace "Ruedack" (weapon) {flame, rC- Str+4}
   (You found it on level 4 of the Dungeon)

   It has been specially enchanted to burn those struck by it, causing extra
   injury to most foes and up to half again as much damage against particularly
   susceptible opponents.
   It affects your strength (+4).
   It makes you vulnerable to cold.
 F - a +7 great mace of protection
Missiles
 s - 12 javelins (quivered)
Armour
 h - a +1 cloak of magic resistance (worn)
 C - a +2 pair of boots of running (worn)
 D - a +1 hat of magic resistance (worn)
 R - a +5 steam dragon armour (worn)
 U - a +1 pair of gloves (worn)
Magical staves
 Q - an uncursed staff of power
Jewellery
 i - an uncursed amulet of resist mutation
 k - the ring of Sunlight {rC- Dex+8 SInv}
   (You found it on level 4 of the Swamp)

   [ring of see invisible]

   It affects your dexterity (+8).
   It makes you vulnerable to cold.
   It enhances your eyesight.
 l - a +6 ring of evasion (right hand)
 w - an uncursed amulet of resist corrosion
 y - an uncursed ring of sustain abilities
 K - the amulet of Sywycid (around neck) {Ward rC++ rN+ Str-4}
   (You bought it in a shop on level 7 of the Dungeon)

   [amulet of warding]

   It may prevent the melee attacks of summoned creatures.
   It affects your strength (-4).
   It greatly protects you from cold.
   It protects you from negative energy.
 N - the ring of Birdsong (left hand) {Dex+6 Stlth+}
   (You found it on level 1 of the Spider Nest)

   [ring of stealth]

   It affects your dexterity (+6).
   It makes you more stealthy.
 Y - an uncursed amulet of clarity
 Z - an uncursed ring of poison resistance
Magical devices
 J - a wand of invisibility (1)
 P - a wand of cold (1)
 X - a wand of digging (3)
Scrolls
 n - 5 scrolls of fear
 t - 5 scrolls of magic mapping
 u - 6 scrolls of fog
 G - 6 scrolls of teleportation
 H - a scroll of amnesia
 L - 19 scrolls of remove curse
 M - 3 scrolls of holy word
 S - 6 scrolls of recharging
 W - a scroll of blinking
Potions
 b - 2 potions of berserk rage
 d - 6 potions of might
 e - 2 potions of invisibility
 f - 2 potions of cure mutation
 j - 19 potions of curing
 m - 4 potions of magic
 p - 5 potions of cancellation
 q - 6 potions of agility
 x - 4 potions of resistance
 z - 7 potions of haste
 B - 6 potions of restore abilities
 E - 9 potions of brilliance
 I - 2 potions of flight
Books
 o - a book of the Earth

   Spells                             Type                      Level
   a - Leda's Liquefaction            Hexes/Earth                  4
   b - Bolt of Magma                  Conjuration/Fire/Earth       5
   c - Statue Form                    Transmutation/Earth          6
   d - Iron Shot                      Conjuration/Earth            6
   e - Shatter                        Earth                        9
 T - a Necronomicon

   Spells                             Type                      Level
   a - Haunt                          Necromancy/Summoning         7
   b - Borgnjor's Revivification      Necromancy                   8
   c - Death's Door                   Charms/Necromancy            8
   d - Necromutation                  Transmutation/Necromancy     8
Miscellaneous
 A - a lamp of fire
 V - a phial of floods
Comestibles
 c - 24 bread rations
 g - 6 meat rations
 O - 53 fruits


   Skills:
 - Level 12.2 Fighting
 * Level 14.9 Maces & Flails
 - Level 8.0 Armour
 - Level 8.1 Dodging
 - Level 11.1 Stealth
 + Level 15.7 Spellcasting
 - Level 10.4 Conjurations
 * Level 16.7 Necromancy
 - Level 5.0 Transmutations
 - Level 5.1 Ice Magic
 - Level 10.6 Earth Magic
   Level 1.9 Invocations
 * Level 5.9 Evocations


You had 4 spell levels left.
You knew the following spells:

 Your Spells              Type           Power        Failure   Level  Hunger
a - Simulacrum            Ice/Necr       ######....   10%         6    #####..
b - Regeneration          Chrm/Necr      #####.....   1%          3    None
c - Statue Form           Trmt/Erth      #####....    28%         6    #####..
d - Stoneskin             Trmt/Erth      #####...     1%          2    None
e - Dispel Undead         Necr           ######..     1%          5    ###....
f - Bolt of Draining      Conj/Necr      ######....   1%          5    ###....
g - Animate Dead          Necr           N/A          1%          4    None
h - Blink                 Tloc           N/A          10%         2    None
i - Death Channel         Necr           ######....   1%          6    #####..
j - Repel Missiles        Chrm/Air       ##....       10%         2    None
k - Iron Shot             Conj/Erth      ######....   10%         6    #####..


Dungeon Overview and Level Annotations

Branches:
Dungeon (15/15)            Temple (0/1) D:7            Lair (8/8) D:9
  Swamp (5/5) Lair:5       Spider (5/5) Lair:5        Slime (0/6) Lair:6
    Orc (4/4) D:10            Elf (3/3) Orc:4        Vaults (3/5) D:13
  Crypt (1/3) Vaults:3     Depths (0/5) D:15

Altars:
Ashenzari
Cheibriados
Dithmenos
Elyvilon
Fedhas
Gozag
Kikubaaqudgha
Makhleb
Ru
Trog
Xom
Yredelemnul
The Shining One
Beogh

Shops:
D:7 =   Orc:4 ([(%

Annotations:
D:7 exclusion: 2 electric eels
D:8 exclusions: moth of wrath and 1 more exclusion
Elf:2 3 runed doors


Innate Abilities, Weirdness & Mutations

You have razor-sharp teeth.
You regenerate.
You are covered in fur (AC +1).
When hurt, damage is shared between your health and your magic reserves.
Your bite disrupts and absorbs the magic of your enemies.
Potions and wands cannot restore your health.
You are immune to rotting.
You have large cloven feet.
You have a pair of small horns on your head.
You are partially covered in yellow scales (AC +2).
You are very agile. (Dex +4)
Scrolls take you a little longer to read.
Your flesh is cold resistant.
Your flesh is heat resistant.
You passively map a small area around you.


Message History

Unknown command.
You hit the vampire knight. You burn the vampire knight.
You bite the vampire knight.
The vampire knight's magic leaks into the air.
You drain its magic.
You feel invigorated.
The vampire knight is severely damaged.
The vampire knight hits you with a long sword.
* * * LOW HITPOINT WARNING * * *
The vampire knight bites you but does no damage.
Something hits you but does no damage. Something bites you.
* * * LOW HITPOINT WARNING * * *
Unknown command.
Unknown command.
Drink which item? (? for menu, Esc to quit)
You fade into invisibility!
The vampire knight hits you with a long sword.
* * * LOW HITPOINT WARNING * * *
The vampire knight misses you. Something hits you!
You die...
Kikubaaqudgha rasps: "You have failed me!
Welcome... death!"

...#.#.#.#.#.##...
..............^.....#
...#.#.#.#.#.#.......#
#.#...>..............#
..[#.#.#.#.#.#.......#
.....................#
...#.#.#.#.#.#......#*
..............#.ZV.#*
...#.#.#.#§#§#..@.#*
#.## * #..#<..#####
#.######.......#
.....^.........#
##.......}.....#
##..#....##...##
....#..Z.###.##
.........# #..##
.........# ##..##


You could see a vampire knight and an iron dragon zombie.

Vanquished Creatures
  Asterion (Elf:1)
  A deep elf blademaster (Elf:3)
  The ghost of MordorOrchid the Bludgeoner, a mighty TrBe of Trog (Lair:8)
  Gastronok (D:11)
  2 ancient champions (Crypt:1)
  Kirke (Spider:5)
  4 thorn hunters
  2 revenants (Crypt:1)
  Donald (Swamp:5)
  An orc warlord (Orc:4)
  Maud (Lair:6)
  2 ghost moths (Spider:5)
  13 deep elf sorcerers
  3 emperor scorpions
  5 vault wardens
  3 ironheart preservers
  2 very ugly things (Swamp:5)
  7 deep elf demonologists
  A stone giant (Vaults:2)
  Nessos (Lair:6)
  7 deep elf annihilators
  2 eidola (Crypt:1)
  A minotaur (Lab)
  8 crystal guardians (Elf:3)
  7 deep elf high priests
  7 deep elf death magi (Elf:3)
  A fire dragon (D:12)
  A jiangshi (Crypt:1)
  4 yaktaur captains
  A quicksilver dragon skeleton (Crypt:1)
  Fannar (D:10)
  2 vault guards (Vaults:2)
  An ice dragon (Vaults:2)
  A ghost crab (Swamp:3)
  15 hydras
  3 catoblepae
  2 entropy weavers
  4 ogre magi
  2 dancing weapons (Elf:2)
  8 alligators
  5 centaur warriors
  4 tengu warriors
  11 death yaks
  A hell knight (D:15)
  Sonja (D:15)
  8 deep elf knights
  A shadow wraith (Vaults:1)
  2 orc high priests
  A soul eater (Vaults:3)
  A small abomination (Elf:3)
  2 wizards (D:14)
  A large abomination (Vaults:1)
  A fire crab (Vaults:2)
  4 skeletal warriors
  A spriggan druid (Swamp:5)
  2 swamp dragons (Swamp:5)
  3 unseen horrors
  A hill giant (shapeshifter) (Vaults:2)
  3 phantasmal warriors
  An ice statue (IceCv)
  6 deep elf summoners
  9 hill giants
  13 orc knights
  15 deep elf conjurers
  3 necromancers
  A wolf spider zombie (D:15)
  26 orb spiders
  28 wolf spiders
  2 orc sorcerers (Orc:4)
  A hornet (shapeshifter) (Vaults:2)
  11 hornets
  2 manticores
  4 griffons
  38 ugly things
  6 ironbrand convokers
  4 moths of wrath
  10 cyclopes
  2 fire giant skeletons (Crypt:1)
  3 centaur zombies
  A spiny frog (shapeshifter) (Vaults:2)
  An eye of devastation (Lair:6)
  15 spiny frogs
  2 vault sentinels
  3 gargoyles
  5 fire drakes
  2 black mambas
  10 demonic crawlers
  27 yaktaurs
  A tengu conjurer (D:15)
  4 kobold demonologists
  4 deep elf priests
  An efreet (D:14)
  A queen bee (D:9)
  5 komodo dragons
  A red draconian skeleton (Crypt:1)
  2 harpy zombies
  7 trolls
  3 minotaur zombies (Lab)
  A merfolk (D:9)
  3 giant leeches
  A boulder beetle (Vaults:1)
  21 jumping spiders
  Grinder (D:6)
  14 polar bears
  6 freezing wraiths
  31 slime creatures
  21 blink frogs
  6 baby alligators
  9 bog bodies
  13 ravens
  7 two-headed ogres
  23 tarantellas
  18 trapdoor spiders
  3 shadows
  5 wyverns
  A vampire (Vaults:3)
  The ghost of quik the Reanimator, an average DENe (D:4)
  27 redbacks
  76 yaks
  7 spriggans
  6 wraiths
  35 deep elf magi
  A steam dragon (D:11)
  21 deep elf fighters
  3 basilisks
  4 hogs (Spider:5)
  A dire elephant simulacrum (Crypt:1)
  Menkaure (D:6)
  7 hungry ghosts
  33 wolves
  5 wargs
  8 hippogriffs
  2 insubstantial wisps (D:11)
  3 mottled dragons
  24 vampire mosquitoes
  16 humans
  35 swamp worms
  20 water moccasins
  9 porcupines
  56 orc warriors
  7 swamp drakes
  11 wasps
  14 ice beasts
  9 sky beasts
  10 crocodiles
  A phantom (D:9)
  A boring beetle (Lair:8)
  15 ogres
  5 boggarts (Vaults:1)
  32 spiders
  2 eyes of draining
  4 necrophages
  19 centaurs
  An ettin simulacrum (Vaults:2)
  A lost soul (Elf:3)
  A boring beetle (shapeshifter) (Vaults:1)
  Blork the orc (D:6)
  A salamander zombie (Crypt:1)
  3 big kobolds (D:12)
  A glowing shapeshifter simulacrum (Vaults:2)
  23 giant frogs
  2 wyvern zombies (D:13)
  A water moccasin zombie (Ossuary)
  A gnoll sergeant (D:8)
  8 scorpions
  A wyvern skeleton (D:10)
  8 wights
  An electric eel (Lair:5)
  42 killer bees
  10 crimson imps
  3 giant frog zombies
  2 goliath beetles (Lair:5)
  7 jellies
  A wasp zombie (D:13)
  40 orc priests
  4 hounds
  A quasit (D:8)
  41 orc wizards
  6 centaur skeletons
  4 giant frog skeletons
  Jessica (D:3)
  13 iguanas
  2 polar bear simulacra (D:14)
  3 yak simulacra (D:14)
  3 wolf simulacra (D:14)
  17 worker ants
  A killer bee zombie (D:9)
  54 sheep
  2 big kobold zombies (Ossuary)
  2 hound skeletons
  A hound zombie (D:8)
  2 mummies (Ossuary)
  Robin (D:3)
  7 gnolls (D:8)
  14 adders
  4 river rats (Lair:8)
  A swamp drake skeleton (Crypt:1)
  2 shadow imps
  An ooze (D:6)
  3 adder zombies (Ossuary)
  An adder skeleton (D:6)
  8 worms
  8 giant geckos
  293 orcs
  2 ball pythons
  19 bats
  3 bat skeletons
  6 giant cockroaches
  22 goblins
  29 hobgoblins
  24 kobolds
  4 quokkas
  7 giant newts
  4 gnoll zombies (Ossuary)
  8 hobgoblin zombies
  8 jackals
  A jackal skeleton (D:4)
  3 kobold zombies (Ossuary)
  9 orc zombies (Ossuary)
  A quokka skeleton (Crypt:1)
  27 rats
  A rat skeleton (Crypt:1)
  3 river rat simulacra (D:14)
  8 ballistomycetes
  2 briar patches
  3 crawling corpses (Elf:3)
2032 creatures vanquished.

Vanquished Creatures (collateral kills)
  the Lernaean hydra (Swamp:5)
  Roxanne (Spider:2)
  A deep elf sorcerer (Vaults:2)
  A frost giant (IceCv)
  A ghost moth (Spider:5)
  A vault warden (Vaults:1)
  3 emperor scorpions (Spider:5)
  A deep elf death mage (Vaults:1)
  A yaktaur captain (Vaults:2)
  An entropy weaver (Spider:4)
  9 hydras
  2 ghost crabs (Swamp:5)
  A death knight (Crypt:1)
  A centaur warrior (Vaults:2)
  12 death yaks
  2 catoblepae (Lair:8)
  A vampire mage (Crypt:1)
  3 alligators
  3 skeletal warriors (Crypt:1)
  5 swamp dragons
  A golden dragon skeleton (Crypt:1)
  A hill giant (Vaults:1)
  2 hornets
  7 ugly things
  A necromancer (Crypt:1)
  10 wolf spiders
  A fire giant zombie (Crypt:1)
  A black mamba (Lair:8)
  2 orb spiders
  A vault sentinel (Vaults:1)
  A moth of wrath (Spider:5)
  A torpor snail (Spider:2)
  5 spiny frogs
  4 polar bears (IceCv)
  7 yaktaurs (Vaults:1)
  3 giant leeches
  4 jumping spiders
  A yellow draconian skeleton (Crypt:1)
  A wandering mushroom (Lair:8)
  A blink frog (Lair:8)
  6 bog bodies
  5 slime creatures
  A boulder beetle (Vaults:1)
  3 ravens
  5 redbacks
  A deep elf mage (Vaults:2)
  7 baby alligators
  6 trapdoor spiders
  7 tarantellas
  A human simulacrum (Vaults:1)
  A queen ant zombie (Crypt:1)
  5 yaks
  A basilisk (Lair:4)
  4 vampire mosquitoes
  4 swamp worms
  A monstrous demonspawn zombie (Crypt:1)
  A black bear (shapeshifter) (Vaults:1)
  3 water moccasins
  A phantom (Crypt:1)
  An ettin simulacrum (Crypt:1)
  2 swamp drakes (Swamp:5)
  An ogre (Vaults:2)
  2 crocodiles
  2 giant frogs
  An electric eel (Lair:4)
  2 orc wizards
  A spectral swamp drake (Swamp:5)
  A sheep (Lair:8)
  6 river rats (Lair:8)
  An ufetubus (Vaults:2)
  6 orcs
195 creatures vanquished.

Vanquished Creatures (others)
  A deep elf annihilator (Elf:3)
  An alligator (Swamp:3)
  A spriggan druid (Swamp:5)
  A swamp dragon (Swamp:5)
  An ugly thing (Vaults:1)
  A smoke demon (Elf:3)
  A yaktaur (Vaults:2)
  A polar bear (IceCv)
  A deep elf mage (Elf:1)
  A redback (Spider:4)
  2 wolves (IceCv)
  2 swamp drakes
  An orc warrior (Orc:4)
  6 lost souls
  5 giant spores
  A ballistomycete (D:8)
  8 fungi
  5 plants
40 creatures vanquished.

Grand Total: 2267 creatures vanquished

Notes
Turn   | Place    | Note
--------------------------------------------------------------
     0 | D:1      | inmateoo, the Vine Stalker Necromancer, began the quest for the Orb.
     0 | D:1      | Reached XP level 1. HP: 9/9 MP: 4/4
    67 | D:1      | Reached skill level 1 in Fighting
   131 | D:1      | Reached XP level 2. HP: 14/14 MP: 6/6
   515 | D:1      | Reached XP level 3. HP: 15/18 MP: 5/7
   885 | D:2      | Found a snail-covered altar of Cheibriados.
   917 | D:2      | Reached skill level 1 in Maces & Flails
   943 | D:2      | Became a worshipper of Cheibriados the Contemplative
  1052 | D:2      | Found a burning altar of Makhleb.
  1179 | D:2      | Reached XP level 4. HP: 17/23 MP: 6/8
  1189 | D:2      | Found a glowing golden altar of the Shining One.
  1190 | D:2      | Noticed an angel
  1198 | D:2      | Found a basalt altar of Yredelemnul.
  1199 | D:2      | Noticed a profane servitor
  1377 | D:3      | Acquired Cheibriados's first power
  1397 | D:3      | Noticed Jessica
  1412 | D:3      | Killed Jessica
  1495 | D:3      | Noticed Robin
  1517 | D:3      | Killed Robin
  1517 | D:3      | Reached XP level 5. HP: 21/26 MP: 9/9
  1829 | D:3      | Found a shimmering altar of Xom.
  2238 | D:4      | Found a sand-covered staircase.
  2262 | Ossuary  | Entered an ossuary
  2291 | Ossuary  | Gained mutation: You heal very quickly. [Vine Stalker growth]
  2291 | Ossuary  | Reached XP level 6. HP: 13/30 MP: 10/10
  2417 | Ossuary  | Reached skill level 5 in Maces & Flails
  2420 | Ossuary  | Acquired Cheibriados's second power
  2706 | D:4      | Noticed an ogre
  2712 | D:4      | HP: 1/30 [ogre/giant club (12)]
  2714 | D:4      | Killed an ogre
  2714 | D:4      | Reached XP level 7. HP: 2/35 MP: 3/11
  2851 | D:4      | Got a jewelled mace
  2852 | D:4      | Identified the +11 mace "Ruedack" {flame, rC- Str+4} (You found it on level 4 of the Dungeon)
  2907 | D:4      | Reached skill level 6 in Maces & Flails
  3215 | D:4      | Noticed quik's ghost (average DENe)
  3228 | D:4      | Killed quik's ghost
  3228 | D:4      | Acquired Cheibriados's third power
  3228 | D:4      | Reached skill level 7 in Maces & Flails
  3437 | D:5      | Entered Level 5 of the Dungeon
  3549 | D:5      | Gained mutation: You have razor-sharp teeth. [Vine Stalker growth]
  3549 | D:5      | Reached XP level 8. HP: 37/39 MP: 12/12
  3692 | D:5      | Reached skill level 8 in Maces & Flails
  3696 | D:5      | Gained mutation: Scrolls take you a little longer to read. [mutagenic meat]
  3697 | D:5      | Gained mutation: Your flesh is heat resistant. [mutagenic meat]
  3698 | D:5      | Gained mutation: You are agile. (Dex +2) [mutagenic meat]
  3699 | D:5      | Gained mutation: Your spells are a little harder to cast, but a little more powerful. [mutagenic meat]
  3732 | D:5      | Found an ancient bone altar of Kikubaaqudgha.
  4002 | D:5      | Learned a level 3 spell: Regeneration
  4183 | D:6      | Noticed Grinder
  4190 | D:6      | Killed Grinder
  4425 | D:6      | Noticed Blork the orc
  4435 | D:6      | Killed Blork the orc
  4572 | D:6      | Noticed Menkaure
  4577 | D:6      | Killed Menkaure
  4577 | D:6      | Acquired Cheibriados's fourth power
  4577 | D:6      | Reached skill level 9 in Maces & Flails
  4577 | D:6      | Reached XP level 9. HP: 31/45 MP: 13/13
  4604 | D:6      | Found a blossoming altar of Fedhas.
  5334 | D:6      | HP: 2/45 [yak (1)]
  5420 | D:7      | Found Nurain's Jewellery Shop.
  5656 | D:7      | Reached skill level 5 in Fighting
  5724 | D:7      | Reached skill level 10 in Maces & Flails
  5778 | D:7      | Found a sacrificial altar of Ru.
  5878 | D:7      | Found a staircase to the Ecumenical Temple.
  6237 | D:8      | Found a shattered altar of Ashenzari.
  6242 | D:8      | Reached XP level 10. HP: 19/53 MP: 15/17
  6319 | D:8      | Learned a level 6 spell: Statue Form
  6322 | D:8      | Learned a level 2 spell: Stoneskin
  6489 | D:8      | Gained mutation: Your body is slowly deteriorating. [mutagenic meat]
  6490 | D:8      | Lost mutation: Your body is slowly deteriorating. [mutagenic meat]
  6491 | D:8      | Gained mutation: You are partially covered in yellow scales (AC +2). [mutagenic meat]
  6666 | D:8      | Gained mutation: You passively map a small area around you. [mutagenic meat]
  6667 | D:8      | Gained mutation: You are very agile. (Dex +4) [mutagenic meat]
  6668 | D:8      | Gained mutation: Scrolls take you longer to read. [mutagenic meat]
  6669 | D:8      | Lost mutation: Scrolls take you longer to read. [mutagenic meat]
  6975 | D:8      | Reached skill level 5 in Spellcasting
  7000 | D:8      | Learned a level 5 spell: Dispel Undead
  7093 | D:8      | Noticed a moth of wrath
  7100 | D:8      | Found an opulent altar of Gozag.
  7486 | D:8      | Found a bloodstained altar of Trog.
  7705 | D:6      | Found a snail-covered altar of Cheibriados.
  7719 | D:7      | Bought the amulet of Sywycid {Ward rC++ rN+ Str-4} for 342 gold pieces
  7773 | D:9      | Reached skill level 5 in Necromancy
  7856 | D:9      | Gained mutation: You have large cloven feet. [mutagenic meat]
  7858 | D:9      | Gained mutation: Your flesh is cold resistant. [mutagenic meat]
  7886 | D:9      | Found a shadowy altar of Dithmenos.
  7943 | D:9      | Reached XP level 11. HP: 58/58 MP: 20/20
  7948 | D:9      | Reached skill level 5 in Dodging
  8130 | D:9      | Found a staircase to the Lair.
  8232 | D:10     | Entered Level 10 of the Dungeon
  8327 | D:10     | Noticed Fannar
  8340 | D:10     | Killed Fannar
  8410 | D:10     | Learned a level 5 spell: Bolt of Draining
  8830 | D:10     | Found a staircase to the Orcish Mines.
  8855 | D:10     | Found a roughly hewn altar of Beogh.
  9006 | D:11     | Noticed Gastronok
  9019 | D:11     | Killed Gastronok
  9336 | D:11     | Noticed a hill giant
  9342 | D:11     | Killed a hill giant
  9371 | D:11     | Gained mutation: You regenerate. [Vine Stalker growth]
  9371 | D:11     | Reached XP level 12. HP: 65/65 MP: 17/23
  9864 | D:11     | Found a shimmering altar of Xom.
 10395 | D:12     | Reached skill level 10 in Necromancy
 10757 | D:12     | Reached skill level 1 in Transmutations
 10918 | D:12     | Gained mutation: You have a pair of small horns on your head. [potion of beneficial mutation]
 11024 | D:12     | Noticed a fire dragon
 11063 | D:12     | Killed a fire dragon
 11063 | D:12     | Reached XP level 13. HP: 62/70 MP: 23/26
 11168 | D:13     | Found a gate to the Vaults.
 11233 | D:12     | Reached skill level 11 in Necromancy
 11271 | D:13     | Found a labyrinth entrance.
 11280 | Lab      | Entered a labyrinth
 11669 | Lab      | Noticed a minotaur
 11675 | Lab      | Killed a minotaur
 11678 | Lab      | Identified the Tome of Inquiry
 11714 | Lab      | Identified a +7 rod of inaccuracy (10/10) (You found it in a labyrinth)
 11727 | Lab      | Got a heavily runed chain mail
 11922 | D:13     | Reached skill level 10 in Fighting
 12033 | D:13     | Reached skill level 12 in Necromancy
 12055 | D:13     | Learned a level 4 spell: Animate Dead
 12573 | D:13     | Reached XP level 14. HP: 75/77 MP: 26/28
 12787 | D:14     | Reached skill level 5 in Transmutations
 12934 | D:14     | Reached skill level 1 in Invocations
 12942 | D:14     | Reached skill level 10 in Spellcasting
 13563 | D:11     | Reached skill level 13 in Necromancy
 13798 | D:5      | Fell from the grace of Cheibriados
 13798 | D:5      | Became a worshipper of Kikubaaqudgha
 13963 | Lair:1   | Entered Level 1 of the Lair of Beasts
 14019 | Lair:1   | Identified a scroll of acquirement
 14292 | Lair:1   | Acquired Kikubaaqudgha's first power
 14292 | Lair:1   | Received a gift from Kikubaaqudgha
 14296 | Lair:1   | Identified Kikubaaqudgha's Almanac of Evil Rituals (Kikubaaqudgha gifted it to you on level 1 of the Lair of Beasts)
 15188 | Lair:2   | Learned a level 2 spell: Blink
 15684 | Lair:3   | Acquired Kikubaaqudgha's second power
 15777 | Lair:3   | Found a frozen archway.
 15816 | IceCv    | Entered an ice cave
 15962 | IceCv    | Reached XP level 15. HP: 74/81 MP: 26/30
 16159 | IceCv    | Reached skill level 14 in Necromancy
 16190 | IceCv    | Received a gift from Kikubaaqudgha
 16220 | IceCv    | Identified Kikubaaqudgha's Catalogue of Evil Arts (Kikubaaqudgha gifted it to you in an ice cave)
 16231 | IceCv    | Learned a level 6 spell: Death Channel
 16283 | IceCv    | Noticed a frost giant
 16347 | IceCv    | Killed a frost giant
 16405 | IceCv    | Identified Sif Muna's Tome of the Oath
 17156 | Lair:4   | Acquired Kikubaaqudgha's third power
 17223 | Lair:4   | Was forgiven by Cheibriados
 17865 | Lair:5   | Found a hole to the Spider Nest.
 18502 | Lair:5   | Acquired Kikubaaqudgha's fourth power
 18747 | Lair:5   | Found a staircase to the Swamp.
 18966 | Lair:6   | Found a staircase to the Slime Pits.
 18968 | Lair:6   | Noticed Maud
 18996 | Lair:6   | Killed Maud
 19118 | Lair:6   | Noticed Nessos
 19127 | Lair:6   | Killed Nessos
 19245 | Lair:6   | Reached skill level 15 in Necromancy
 19681 | Lair:7   | Reached skill level 1 in Conjurations
 19773 | Lair:7   | Reached XP level 16. HP: 84/88 MP: 32/32
 20230 | Lair:8   | Entered Level 8 of the Lair of Beasts
 20340 | Lair:8   | Noticed MordorOrchid's ghost (mighty TrBe)
 20522 | Lair:8   | Identified a +1 pair of boots of running (You found it on level 8 of the Lair of Beasts)
 20898 | Lair:8   | Killed MordorOrchid's ghost
 21651 | D:5      | Received a gift from Kikubaaqudgha
 21839 | Orc:1    | Entered Level 1 of the Orcish Mines
 21839 | Orc:1    | Found a shimmering altar of Xom.
 22475 | Orc:2    | Reached skill level 1 in Earth Magic
 23322 | Orc:3    | Reached skill level 1 in Armour
 23683 | Orc:4    | Entered Level 4 of the Orcish Mines
 23704 | Orc:4    | Found a roughly hewn altar of Beogh.
 23738 | Orc:4    | Found a roughly hewn altar of Beogh.
 23910 | Orc:4    | Found a roughly hewn altar of Beogh.
 23911 | Orc:4    | Found Nuis's Antique Weapon Emporium.
 23913 | Orc:4    | Found Lipapsik's Antique Armour Shoppe.
 23982 | Orc:4    | Found a roughly hewn altar of Beogh.
 24204 | Orc:4    | Found a roughly hewn altar of Beogh.
 24368 | Orc:4    | Found a staircase to the Elven Halls.
 24371 | Orc:4    | Found a roughly hewn altar of Beogh.
 24448 | Orc:4    | Found a roughly hewn altar of Beogh.
 24474 | Orc:4    | Found Vejetoot's Food Shop.
 24852 | Orc:4    | Found a roughly hewn altar of Beogh.
 24862 | Orc:4    | Found Ofan's Antique Weapon Shop.
 25730 | D:15     | Entered Level 15 of the Dungeon
 25823 | D:15     | Found a white marble altar of Elyvilon.
 25861 | D:15     | Reached skill level 5 in Conjurations
 25958 | D:15     | Found a staircase to the Depths.
 26309 | D:15     | Reached XP level 17. HP: 87/93 MP: 20/34
 26354 | D:15     | Got a crystal dagger
 26357 | D:15     | Identified the cursed +1 dagger "Miucw" {venom, MP+9 Str+2} (You took it off an ogre mage on level 15 of the Dungeon)
 26494 | D:15     | Noticed Sonja
 26501 | D:15     | Killed Sonja
 27085 | Spider:1 | Entered Level 1 of the Spider Nest
 27136 | Spider:1 | Got a smoking turquoise ring
 27140 | Spider:1 | Identified the ring of Birdsong {Dex+6 Stlth+} (You found it on level 1 of the Spider Nest)
 27366 | Spider:1 | Reached skill level 5 in Earth Magic
 27418 | Spider:1 | Got a pitted cloak
 27429 | Spider:1 | Identified the +0 cloak of the Hare {rElec rF- Regen+ Str+6} (You acquired it on level 1 of the Spider Nest)
 27882 | Spider:1 | Learned a level 2 spell: Repel Missiles
 28078 | Spider:2 | Noticed Roxanne
 28095 | Spider:2 | Killed Roxanne
 28338 | Spider:2 | Identified the +1 chain mail of Oblivion {Regen+ Dex+3} (You found it in a labyrinth)
 28791 | Spider:3 | Reached skill level 5 in Armour
 29246 | Spider:4 | Upgraded the game from 0.17-a0-776-gd86b262 to 0.17-a0-777-g32247ce
 29529 | Spider:4 | Learned a level 6 spell: Iron Shot
 29797 | Spider:4 | Reached skill level 5 in Stealth
 29820 | Spider:4 | Reached XP level 18. HP: 75/98 MP: 29/36
 30088 | Spider:5 | Entered Level 5 of the Spider Nest
 30740 | Spider:5 | Noticed Kirke
 30749 | Spider:5 | Killed Kirke
 31531 | Spider:5 | Got a gossamer rune of Zot
 31942 | Swamp:1  | Entered Level 1 of the Swamp
 34162 | Swamp:4  | Got a coiled wooden ring
 34164 | Swamp:4  | Identified the ring of Sunlight {rC- Dex+8 SInv} (You found it on level 4 of the Swamp)
 34269 | Swamp:4  | Reached XP level 19. HP: 98/102 MP: 11/38
 34664 | Swamp:5  | Entered Level 5 of the Swamp
 34669 | Swamp:5  | Noticed Donald
 34711 | Swamp:5  | Killed Donald
 34731 | Swamp:5  | Identified the Guide on Toxic Conjuration
 35396 | Swamp:5  | Reached skill level 10 in Conjurations
 35435 | Swamp:5  | Noticed the 27-headed Lernaean hydra
 35463 | Swamp:5  | Killed the 27-headed Lernaean hydra
 35478 | Swamp:5  | Got a decaying rune of Zot
 35998 | Lair:2   | Learned a level 6 spell: Simulacrum
 36228 | Elf:1    | Entered Level 1 of the Elven Halls
 36358 | Elf:1    | Lost mutation: Your spells are a little harder to cast, but a little more powerful. [mutagenic glow]
 36920 | Elf:1    | Noticed Asterion
 36937 | Elf:1    | Killed Asterion
 37367 | Elf:2    | Found a runed gate.
 37368 | Elf:2    | Found a runed gate.
 37369 | Elf:2    | Found a runed gate.
 37503 | Elf:2    | Reached skill level 10 in Stealth
 37555 | Elf:2    | Reached skill level 1 in Ice Magic
 37868 | Elf:3    | Entered Level 3 of the Elven Halls
 38408 | Elf:3    | Reached XP level 20. HP: 98/107 MP: 18/39
 38692 | Elf:3    | Reached skill level 15 in Spellcasting
 38739 | Elf:3    | Reached skill level 10 in Earth Magic
 38747 | Elf:3    | Got a smoking pewter ring
 38754 | Elf:3    | Identified the ring "Tohale Vowni" {Ice +Blink} (You took it off an orc warrior on level 3 of the Elven Halls)
 38759 | Elf:3    | Got a transparent tin ring
 38767 | Elf:3    | Identified the ring "Rydimiek" {Fire rElec MP+9 Str-5 Slay+2} (You took it off an orc high priest on level 3 of the Elven Halls)
 38812 | Elf:3    | Got a bound turquoise ring
 38815 | Elf:3    | Identified the cursed ring of Suspected Treachery {rN+ AC-3} (You found it on level 3 of the Elven Halls)
 38932 | Elf:3    | Identified Vehumet's Disquisition on Floating Arcane Weapons
 39828 | Vaults:1 | Entered Level 1 of the Vaults
 39889 | Vaults:1 | Reached skill level 1 in Evocations
 40782 | Vaults:1 | Reached skill level 16 in Necromancy
 40794 | Vaults:1 | Reached XP level 21. HP: 111/111 MP: 26/41
 42045 | Vaults:2 | Reached skill level 5 in Ice Magic
 42512 | Vaults:2 | Reached skill level 5 in Evocations
 42659 | Vaults:3 | Found a staircase to the Crypt.
 42704 | Crypt:1  | Entered Level 1 of the Crypt
 43236 | Crypt:1  | Slain by a vampire knight

Action                   |  1- 3 |  4- 6 |  7- 9 | 10-12 | 13-15 | 16-18 | 19-21 || total
-------------------------+-------+-------+-------+-------+-------+-------+-------++-------
Melee: Unarmed           |   149 |       |       |       |    19 |       |       ||   168
       Mace              |    69 |   314 |   185 |   519 |  1342 |  2076 |  1188 ||  5693
       Great mace        |       |       |       |       |       |     5 |       ||     5
 Cast: Pain              |     1 |       |       |       |       |       |       ||     1
       Regeneration      |       |       |       |     2 |     3 |    27 |    21 ||    53
       Stoneskin         |       |       |       |     1 |     1 |     1 |       ||     3
       Dispel Undead     |       |       |       |     1 |       |    19 |    65 ||    85
       Bolt of Draining  |       |       |       |       |     2 |    69 |   106 ||   177
       Death Channel     |       |       |       |       |     3 |    10 |    11 ||    24
       Animate Dead      |       |       |       |       |       |    37 |    32 ||    69
       Repel Missiles    |       |       |       |       |       |     1 |    11 ||    12
       Blink             |       |       |       |       |       |       |     4 ||     4
       Iron Shot         |       |       |       |       |       |       |    23 ||    23
       Simulacrum        |       |       |       |       |       |       |    11 ||    11
Invok: Slouch            |       |       |       |     6 |       |       |       ||     6
       Receive Corpses   |       |       |       |       |       |       |    17 ||    17
Evoke: Wand              |       |       |       |       |     4 |     6 |     4 ||    14
       Lamp of fire      |       |       |       |       |     1 |     1 |       ||     2
  Use: Scroll            |       |     8 |     5 |    10 |    23 |    21 |    12 ||    79
       Potion            |       |     1 |       |     4 |     2 |     4 |     1 ||    12
 Stab: Sleeping          |     2 |       |     6 |     9 |    28 |    45 |    39 ||   129
       Distracted        |       |       |     1 |     5 |     8 |    18 |    31 ||    63
       Invisible         |       |       |       |       |    11 |     2 |     2 ||    15
       Petrified         |       |       |       |       |       |     1 |       ||     1
       Confused          |       |       |       |       |       |     3 |       ||     3
  Eat: Chunk             |     1 |     4 |    11 |    24 |     9 |     4 |       ||    53
       Beef jerky        |       |       |       |       |     3 |     2 |     1 ||     6
       Pizza             |       |       |       |       |     1 |     1 |     6 ||     8
       Fruit             |       |       |       |       |     4 |       |       ||     4
       Royal jelly       |       |       |       |       |     9 |     5 |       ||    14
       Meat ration       |       |       |       |       |       |     8 |     9 ||    17
